 Dungeon Crawl Stone Soup version 0.22-a0-443-g17c3723 (webtiles) character file.

31 Enish the Ruffian (level 3, 0/31 HPs)
             Began as a Ghoul Abyssal Knight on May 31, 2018.
             Was a Follower of Lugonu.
             Slain by a giant cockroach (1 damage)
             ... on level 1 of the Dungeon.
             The game lasted 00:01:09 (79 turns).

Enish the Ruffian (Ghoul Abyssal Knight)              Turns: 79, Time: 00:01:09

Health: 0/31       AC: -4    Str: 16      XL:     3   Next: 22%
Magic:  3/3        EV: 11    Int:  7      God:    Lugonu [*.....]
Gold:   0          SH:  0    Dex:  6 (8)  Spells: 2/2 levels left

rFire    . . .     SeeInvis .     - Unarmed
rCold    + . .     Gourm    .   (no shield)
rNeg     + + +     Faith    .   a - +0 leather armour
rPois    ∞         Spirit   .   (no helmet)
rElec    .         Reflect  .   (no cloak)
rCorr    .         Harm     .   (no gloves)
MR       .....                  (no boots)
Stlth    +.........             (no amulet)
HPRegen  0.00/turn              (no ring)
MPRegen  0.08/turn              (no ring)

@: corroded, rotting
A: rotting body, claws 1, carnivore, cold resistance 1, negative energy
resistance 3, inhibited regeneration, torment resistance, unbreathing
a: Depart the Abyss, Renounce Religion


You were on level 1 of the Dungeon.
You worshipped Lugonu.
Lugonu was aware of your devotion.
You were not hungry.

You visited 1 branch of the dungeon, and saw 1 of its levels.
You visited the Abyss 1 time.

Inventory:

Armour
 a - a +0 leather armour (worn)
Comestibles
 b - a ration


   Skills:
 - Level 3.2 Fighting
 - Level 1.7 Armour
 - Level 0.8 Dodging
 * Level 4.0 Unarmed Combat
 - Level 2.0 Invocations


You had 2 spell levels left.
You didn't know any spells.
Your spell library was empty.

Dungeon Overview and Level Annotations

Branches:
Dungeon (1/15)

Altars:


Innate Abilities, Weirdness & Mutations

Your body is rotting away.
You thrive on raw meat.
You are immune to poison.
You have sharp fingernails.
You are carnivorous and can eat meat at any time.
Your flesh is cold resistant. (rC+)
You are immune to negative energy. (rN+++)
You do not regenerate when monsters are visible.
You are immune to unholy pain and torment.
You can survive without breathing.


Message History

* * * LOW HITPOINT WARNING * * *
The rust devil corrodes you!
You pass through the gate.
Found a scroll labeled BEUR JAIBLOFFA.
There is a staircase leading out of the dungeon here.
You aren't carrying any scrolls.
Unknown command.
Okay, then.
The rust devil barely misses you. The rust devil hits you.
* * * LOW HITPOINT WARNING * * *
The rust devil corrodes you!
A giant cockroach comes into view.
A giant cockroach comes into view.
Found 8 gold pieces.
The giant cockroach bites you.
* * * LOW HITPOINT WARNING * * *
The giant cockroach misses you. The giant cockroach bites you.
You die...

#+ #. #.# #..
..#####
#$#...#+###
#.#s......#
##.@s4.....#
#...........#
#.####.#....##..
# #.#.........
#.#.########
#.#.####
#......#
##########..###
#.............#


You could see a rust devil and 2 giant cockroaches.

Vanquished Creatures
  A quasit (Abyss:1)
1 creature vanquished.

Notes
Turn   | Place    | Note
-------+----------+-------------------------------------------
     0 | Abyss:1  | Enish the Ghoul Abyssal Knight began the quest for the Orb.
     0 | Abyss:1  | Reached XP level 1. HP: 19/19 MP: 1/1
    26 | Abyss:1  | Noticed a rust devil
    35 | Abyss:1  | Noticed a small abomination
    35 | Abyss:1  | Noticed a neqoxec
    37 | Abyss:1  | Noticed a quasit
    56 | Abyss:1  | Killed a quasit
    56 | Abyss:1  | Reached skill level 4 in Unarmed Combat
    56 | Abyss:1  | Reached XP level 2. HP: 10/26 MP: 2/2
    56 | Abyss:1  | Reached XP level 3. HP: 13/31 MP: 3/3
    58 | D:1      | Escaped the Abyss
    77 | D:1      | HP: 1/31 [giant cockroach (1)]
    79 | D:1      | Slain by a giant cockroach

Vault maps used:
D:1:      mrwooster_arrival_statue

Skill      XL: |  1 |
---------------+----+-----
Unarmed Combat | 4 |  4.0
Fighting       | |  3.2
Armour         | |  1.7
Dodging        | |  0.8
Invocations    | |  2.0

Action                   || total
-------------------------++-------
Melee: Unarmed           ||     8
  Use: Potion            ||     1
Armor: Leather armour    ||     8
Dodge: Dodged            ||    17

Table legend:
 A = Spawn XP
 B = Non-spawn XP
 C = Spawn XP percentage of total XP
 D = Spawn monster count
 E = Non-spawn monster count
 F = Spawn count percentage of total count
 G = Total turns spent on level
                    A         B        C        D         E        F      G
               +---------+---------+-------+---------+---------+-------+---------
         Total |       0 |      45 |   0.0 |       0 |       1 |   0.0 |    79
               +---------+---------+-------+---------+---------+-------+---------
       Abyss:1 |       0 |      45 |   0.0 |       0 |       1 |   0.0 |    58
               +---------+---------+-------+---------+---------+-------+---------
